 Dungeon Crawl Stone Soup version 0.21.0 (webtiles) character file.

233 Timinator the Insei (level 5, 0/41 HPs)
             Began as a Vampire Transmuter on Jan 8, 2018.
             Succumbed to a scorpion's poison
             ... on level 4 of the Dungeon.
             The game lasted 00:31:16 (2898 turns).

Timinator the Insei (Vampire Transmuter)            Turns: 2898, Time: 00:31:17

Health: 0/41       AC:  4    Str:  8 (9)  XL:     5   Next: 75%
Magic:  9/9        EV: 13    Int: 12 (15) God:
Gold:   234        SH:  0    Dex: 14 (16) Spells: 9/10 levels left

rFire    . . .     SeeInvis +     - Unarmed
rCold    . . .     Gourm    .   (no shield)
rNeg     + . .     Faith    .   b - +0 robe
rPois    .         Spirit   +   (no helmet)
rElec    .         Reflect  .   (no cloak)
rCorr    .         Harm     .   (no gloves)
MR       +....                  v - +1 pair of boots
Stlth    +.........             l - amulet of guardian spirit
HPRegen  0.13/turn              q - ring of protection from magic
MPRegen  0.11/turn              (no ring)

@: lethally poisoned (0 -> -12)
A: fangs 3, see invisible, unbreathing
a: Bat Form


You were on level 4 of the Dungeon.
You were not thirsty.

You visited 1 branch of the dungeon, and saw 4 of its levels.

You collected 234 gold pieces.

Inventory:

Missiles
 a - 92 arrows
Armour
 b - a +0 robe (worn)
 v - a +1 pair of boots (worn)
Jewellery
 l - an amulet of guardian spirit (around neck)
 q - a ring of protection from magic (left hand)
Scrolls
 e - 2 scrolls of enchant armour {unknown}
 f - 2 scrolls of immolation {unknown}
 h - a scroll of magic mapping {unknown}
 i - 2 scrolls of remove curse {unknown}
 j - 2 scrolls of identify {unknown}
 k - a scroll of teleportation
 o - a scroll of noise {unknown}
Potions
 d - 14 potions of blood
 m - a potion of degeneration
 n - a potion of flight
 p - a potion of brilliance
 r - a potion of lignification {unknown}
 u - a potion of ambrosia
Books
 c - a book of Changes

   Spells                             Type                      Level
   a - Beastly Appendage              Transmutation                1
   b - Sticks to Snakes               Transmutation                2
   c - Spider Form                    Transmutation/Poison         3
   d - Ice Form                       Ice/Transmutation            4
   e - Blade Hands                    Transmutation                5


   Skills:
 * Level 3.1 Fighting
 * Level 3.4 Dodging
 * Level 4.2 Unarmed Combat
 * Level 3.0 Spellcasting
 + Level 2.8 Transmutations


You had 9 spell levels left.
You knew the following spells:

 Your Spells              Type           Power        Failure   Level  Hunger
a - Beastly Appendage     Tmut           #.....       8%          1    #......


Dungeon Overview and Level Annotations

Branches:
Dungeon (4/15)
 Temple: D:4-7

Altars:
Uskayaw

Annotations:
D:4 1 transporter


Innate Abilities, Weirdness & Mutations

You have razor-sharp teeth.
You have supernaturally acute eyesight. (SInv)
You can survive without breathing.


Message History

You feel sick.
* * * LOW HITPOINT WARNING * * *
You feel sick.
It was a potion of magic.
Magic courses through your body.
* * * LOW HITPOINT WARNING * * *
You feel sick.
Okay, then.
Okay, then.
You hear the slow rusting of a very distant drain.
* * * LOW HITPOINT WARNING * * *
You feel sick.
You fail to use your ability.
* * * LOW HITPOINT WARNING * * *
You feel sick.
It was a potion of cancellation.
Your magical effects are unravelling.
You feel magically purged.
You feel yourself slow down.
You float gracefully downwards.
You die...

#...........
#.######.##.
#.# # #.#
#.# #.# #.#
#s# #@# #.#
#.. ####


You could see a scorpion.

Vanquished Creatures
  A centaur (D:2)
  A crimson imp (D:2)
  A bullfrog skeleton (D:4)
  2 adders (D:2)
  A worm (D:3)
  A dart slug (D:1)
  2 leopard geckos
  5 bats
  3 giant cockroaches
  7 hobgoblins
  10 jackals
  8 frilled lizards
  7 goblins
  6 kobolds
  13 rats
68 creatures vanquished.

Notes
Turn   | Place    | Note
-------+----------+-------------------------------------------
     0 | D:1      | Timinator the Vampire Transmuter began the quest for the Orb.
     0 | D:1      | Reached XP level 1. HP: 14/14 MP: 3/3
    18 | D:1      | Reached skill level 1 in Fighting
    92 | D:1      | Reached XP level 2. HP: 4/22 MP: 3/5
   637 | D:1      | Reached XP level 3. HP: 21/27 MP: 3/6
  1107 | D:2      | Reached XP level 4. HP: 34/34 MP: 4/7
  1638 | D:2      | Noticed a centaur
  1645 | D:2      | Killed a centaur
  1645 | D:2      | Reached skill level 4 in Unarmed Combat
  1645 | D:2      | Reached XP level 5. HP: 15/39 MP: 1/9
  1953 | D:3      | Found a hide-covered altar of Uskayaw.
  2845 | D:4      | Found a transporter.
  2895 | D:4      | HP: 2/41 [poisoned by a scorpion]
  2898 | D:4      | Succumbed to a scorpion's poison

Skill      XL: |  1  2  3  4  5 |
---------------+----------------+-----
Fighting       | 1 2 3 |  3.1
Dodging        | 3 |  3.4
Unarmed Combat | 4 |  4.2
Spellcasting   | 3 |  3.0
Transmutations | |  2.8

Action                   |  1- 3 |  4- 6 || total
-------------------------+-------+-------++-------
Melee: Unarmed           |   120 |   175 ||   295
       Bite              |    16 |     9 ||    25
       Punch             |     3 |     2 ||     5
       Headbutt          |     4 |     7 ||    11
       Kick              |     2 |    13 ||    15
 Cast: Beastly Appendage |     5 |     7 ||    12
  Use: Potion            |     2 |     7 ||     9
       Scroll            |       |     1 ||     1
 Stab: Sleeping          |     1 |     2 ||     3
  Eat: Corpse            |     7 |     8 ||    15
Armor: Robe              |    21 |    19 ||    40
Dodge: Dodged            |    83 |   116 ||   199
